 Dungeon Crawl Stone Soup version 0.30-a0-1053-gbd8d5ba0ad (webtiles) character file.

Game seed: 17411102211191151617

3 BlueFish the Grasshopper (level 1, 0/14 HPs)
             Began as an Octopode Warper on Apr 11, 2023.
             Slain by a quokka (4 damage)
             ... on level 1 of the Dungeon.
             The game lasted 00:00:15 (60 turns).

BlueFish the Grasshopper (Octopode Warper)            Turns: 60, Time: 00:00:16

Health: 0/14       AC:  1    Str: 10    XL:     1   Next: 50%
Magic:  3/3        EV: 13    Int: 15    God:
Gold:   9          SH:  0    Dex: 11    Spells: 4/4 levels left

rFire   . . .      SeeInvis .      - Unarmed
rCold   . . .      Faith    .    (no shield)
rNeg    + . .      Spirit   .    (helmet restricted)
rPois   .          Reflect  .    (no amulet)
rElec   .          Rampage  .    c - ring of positive energy
rCorr   .                        (no ring)
Will    .....                    (no ring)
Stlth   ++                       (no ring)
HPRegen 0.22/turn                (no ring)
MPRegen 0.08/turn                (no ring)
                                 (no ring)
                                 (no ring)

@: no status effects
A: almost no armour, amphibious, 8 rings, camouflage 1, gelatinous body 1,
(nimble swimmer 1), tentacles
a: no special abilities


You were on level 1 of the Dungeon.
You visited 1 branch of the dungeon, and saw 1 of its levels.

You collected 9 gold pieces.

Inventory:

Missiles
 b - 7 boomerangs of dispersal (quivered)
 e - 6 stones
Jewellery
 c - a ring of positive energy (left tentacle)
Scrolls
 a - a scroll of blinking
Potions
 d - a potion of invisibility {unknown}


   Skills:
 + Level 2.0 Fighting
 + Level 1.0 Throwing
 + Level 2.3 Dodging
 * Level 0.4 Stealth
 + Level 2.0 Unarmed Combat
 + Level 2.0 Spellcasting
 + Level 3.0 Translocations


You had 4 spell levels left.
You didn't know any spells.
Your spell library contained the following spells:

 Spells                   Type           Power      Damage    Failure   Level
 Blink                    Tloc           20%        N/A       10%         2
 Lesser Beckoning         Tloc           20%        N/A       10%         2
 Teleport Other           Tloc           10%        N/A       19%         3
 Vhi's Electric Charge    Tloc/Air       12%        N/A       34%         3
 Manifold Assault         Tloc           10%        N/A       54%         4


Dungeon Overview and Level Annotations

Branches:
Dungeon (1/15)

Altars:


Innate Abilities, Weirdness & Mutations

You cannot wear most types of armour.
You are amphibious.
You can wear up to eight rings at the same time.
Your skin changes colour to match your surroundings (Stealth+).
Your rubbery body absorbs attacks. (AC +1, EV +1)
((You are camouflaged when in or above water. (Stealth+)))
You have tentacles for arms and can constrict up to eight enemies at once.


Message History

There is an open gate here.
You see here 6 stones.
e - 6 stones You tentacle-slap the quokka.
Your grab misses the quokka. Your squeeze misses the quokka.
The quokka is severely wounded.
The quokka bites you.
You tentacle-slap the quokka.
You kill the quokka!
You tentacle-slap the hobgoblin but do no damage.
Your grab misses the hobgoblin. Your squeeze misses the hobgoblin.
The hobgoblin hits you.
You tentacle-slap the hobgoblin but do no damage.
Your grab misses the hobgoblin. You squeeze the hobgoblin.
You kill the hobgoblin!
Things that are here:
a hobgoblin corpse; a quokka corpse HP restored.
A frilled lizard comes into view.
A kobold comes into view.
It is wielding a +2 short sword of electrocution.
The kobold shouts!
A quokka comes into view.
The frilled lizard hisses angrily.
You tentacle-slap the kobold but do no damage.
Your grab misses the kobold.
The kobold hits you with a +2 short sword of electrocution.
You barely miss the kobold. Your grab misses the kobold.
The kobold completely misses you.
You tentacle-slap the kobold. You grab the kobold. You squeeze the kobold.
You kill the kobold!
You tentacle-slap the quokka. Your grab misses the quokka.
The quokka is heavily wounded.
The quokka completely misses you.
You miss the quokka. You grab the quokka. Your squeeze misses the quokka.
The quokka is heavily wounded.
You constrict the quokka, but do no damage.
The quokka bites you.
* * * LOW HITPOINT WARNING * * *
The quokka bites you.
You die...

.#8#.§.§'.#
.'.'.§§§§.##
.#8#.§.§§..#
.###§.§.##†# #
####..§§##.# .#
##..###.######
..#
####$.......#
...#
#........##....#
###......@rl...#
#......##....#
#.......# ...#
#........# ..#
#.#......# .#
#..#....?.# # ..
##.#..## #....


You could see a quokka and a frilled lizard.

Vanquished Creatures
  A hobgoblin (D:1)
  A quokka (D:1)
  A kobold (D:1)
3 creatures vanquished.

Notes
Turn   | Place    | Note
-------+----------+-------------------------------------------
     0 | D:1      | BlueFish the Octopode Warper began the quest for the Orb.
     0 | D:1      | Reached XP level 1. HP: 14/14 MP: 3/3
    60 | D:1      | Slain by a quokka

Illustrated notes

Levels and vault maps discovered:
D:1:      shiori_arrival_elements, layout_rooms, hex_medium, minmay_tromino_i2

Action                     || total
---------------------------++-------
  Melee: Unarmed           ||     9
         Constrict         ||     2
         Tentacles         ||     2
  Dodge: Dodged            ||     2

Table legend: (Time is in decaauts)
 A = Elapsed time spent in this place.
 B = Non-inter-level travel time spent in this place.
 C = Inter-level travel time spent in this place.
 D = Time resting spent in this place.
 E = Time spent auto-exploring this place.
 F = Levels seen in this place.
 G = Mean time per level.
                   A        B        C        D        E       F      G
               +--------+--------+--------+--------+--------+-----+--------+
         Total |     59 |     59 |      0 |      0 |     32 |   1 |   59.0 |
       Dungeon |     59 |     59 |      0 |      0 |     32 |   1 |   59.0 |
               +--------+--------+--------+--------+--------+-----+--------+

Top non-repeatable levels by time:
     D:1: 59 daAuts
